 Dungeon Crawl Stone Soup version 0.17.1-3-g152610e (webtiles) character file.

559 Gargoyl the Skirmisher (level 7, 0/81 HPs)
             Began as a Demonspawn Abyssal Knight on Mar 31, 2016.
             Was a Priest of Lugonu.
             Succumbed to a worker ant's poison
             ... on level 4 of the Dungeon.
             The game lasted 00:12:17 (3476 turns).

Gargoyl the Skirmisher (Demonspawn Abyssal Knight)  Turns: 3476, Time: 00:12:18

Health: 0/81       AC: 23    Str: 15    XL:     7   Next: 9%
Magic:  0/9        EV:  2    Int: 13    God:    Lugonu [***...]
Gold:   186        SH:  8    Dex: 17    Spells: 0 memorised, 6 levels left

rFire  . . .     SeeInvis .     a - +2 hand axe
rCold  + . .     Clarity  .     (armour currently unavailable)
rNeg   + + +     SustAt   .     q - +0 shield
rPois  +         Gourm    .     (helmet currently unavailable)
rElec  .         Spirit   +     (cloak currently unavailable)
rCorr  .         Warding  +     (gloves currently unavailable)
rMut   .         NoTele   +     (boots currently unavailable)
MR     .....                    k - amulet of warding
Stlth  +++.......               o - +4 ring of evasion
                                g - ring of protection from cold

@: agile, lethally poisoned (0 -> -1), short of breath, tree-form, not resistant
to hostile enchantments, fairly stealthy
A: (talons 0), (icy blue scales 0), breathe flames 1, demonic guardian 1, (fire
resistance 0), magic shield
a: Depart the Abyss, Bend Space, Banish, Renounce Religion, Breathe Fire


You were on level 4 of the Dungeon.
You worshipped Lugonu.
Lugonu was most pleased with you.
You were hungry.
You were a tree.
You visited 1 branch of the dungeon, and saw 4 of its levels.
You visited the Abyss 1 time.

You collected 186 gold pieces.

Inventory:

Hand Weapons
 a - a +2 hand axe (weapon)
 h - a +0 flail of protection
 m - a +2 spear of freezing
Missiles
 r - 7 tomahawks (quivered)
Armour
 d - the +1 scale mail "Agogegai" (melded) {rPois Int+2 SInv}
   (You found it on level 4 of the Dungeon)

   It affects your intelligence (+2).
   It protects you from poison.
   It lets you see invisible.
 e - a +2 pair of gloves (melded)
 q - a +0 shield (worn)
Jewellery
 g - a ring of protection from cold (left branch)
 k - an amulet of warding (around neck)
 o - a +4 ring of evasion (right branch)
Scrolls
 b - 4 scrolls of teleportation
 f - 4 scrolls of identify
Potions
 l - a potion of might {unknown}
 p - 2 potions of poison
Comestibles
 c - 3 bread rations
 v - a beef jerky


   Skills:
 + Level 4.0 Fighting
 + Level 3.1(3.2) Axes
 + Level 0.1(1.9) Polearms
 + Level 1.2 Throwing
 * Level 3.5 Armour
 + Level 3.8 Dodging
 + Level 0.4 Stealth
 + Level 1.4 Shields
 + Level 3.2 Invocations


You had 6 spell levels left.
You didn't know any spells.

Dungeon Overview and Level Annotations

Branches:
Dungeon (4/15)
 Temple: D:4-7

Altars:
Xom


Innate Abilities, Weirdness & Mutations

((You have razor-sharp toenails.))
((You are partially covered in icy blue scales (AC +1).))
A weak demonic guardian rushes to your aid.
When hurt, damage is shared between your health and your magic reserves.
You can breathe flames.
((Your flesh is heat resistant.))


Message History

Your crimson imp barely misses the ogre.
You block the ogre's attack.
You hit the ogre.
The ogre is severely wounded.
Your crimson imp closely misses the ogre.
The ogre hits you with a giant club!
* * * LOW HITPOINT WARNING * * *
You don't have enough magic at the moment.
There isn't anything here!
Press: ? - help, Shift-Dir - straight line, f - ogre
Aim: an ogre, wielding a giant club (severely wounded)
You breathe a blast of fire.
The fiery breath hits the ogre.
You kill the ogre!
Lugonu accepts your kill.
Your Fighting skill increases to level 4!
You have reached level 7!
Your demonic ancestry asserts itself...
Your toenails lengthen and sharpen.
You are feeling hungry.
You die...

#≈≈...≈≈...###.....##
#≈.§.§.≈.### ##...##
#≈..§..≈.# #+#
#≈...§.≈## #.#
#≈≈...≈≈# #.# ##≈≈≈≈≈##
##.##
#.....########...######
#...........#....<....(
#.....#####.##♣5.######
##...## ##.###).# ###
##### ##.#.##..##.....
#.###........#
##.#.##..#####
##.###..# ### #..# #...
#.###


You could see a friendly crimson imp.

Vanquished Creatures
  Sigmund (D:3)
  The ghost of Gargoyl the Skirmisher, an amateur DsAK of Lugonu (D:4)
  An ogre (D:4)
  Terence (D:3)
  A worker ant (D:4)
  6 adders
  An ooze (D:3)
  4 worms
  3 giant geckos (D:1)
  An orc (D:3)
  10 bats
  8 goblins
  8 hobgoblins
  4 jackals (D:3)
  2 quokkas
  4 giant cockroaches
  2 giant newts
  6 kobolds
  8 rats
72 creatures vanquished.

Vanquished Creatures (collateral kills)
  A giant frog (D:3)
  A worm (D:3)
  A hobgoblin (D:3)
3 creatures vanquished.

Vanquished Creatures (others)
  An adder (D:4)
  A worm (D:4)
  A giant cockroach (D:4)
3 creatures vanquished.

Grand Total: 78 creatures vanquished

Notes
Turn   | Place    | Note
--------------------------------------------------------------
     0 | Abyss:1  | Gargoyl the Demonspawn Abyssal Knight began the quest for the Orb.
     0 | Abyss:1  | Reached XP level 1. HP: 18/18 MP: 2/2
    94 | Abyss:1  | Noticed a giant orange brain
   106 | Abyss:1  | Noticed a blue devil
   108 | D:1      | Escaped the Abyss
   258 | D:1      | Reached skill level 1 in Dodging
   390 | D:1      | Reached * piety under Lugonu
   411 | D:1      | Gained mutation: A weak demonic guardian rushes to your aid. [demonic ancestry]
   411 | D:1      | Reached XP level 2. HP: 24/24 MP: 4/4
  1021 | D:2      | Gained mutation: You have sharp toenails. [demonic ancestry]
  1021 | D:2      | Reached XP level 3. HP: 27/29 MP: 5/5
  1322 | D:2      | Found a faded altar to an unknown god.
  1458 | D:2      | Reached ** piety under Lugonu
  1730 | D:2      | Gained mutation: When hurt, damage is shared between your health and your magic reserves. [demonic ancestry]
  1730 | D:2      | Reached XP level 4. HP: 36/36 MP: 6/6
  1930 | D:3      | Noticed Sigmund
  1973 | D:3      | Killed Sigmund
  1973 | D:3      | Gained mutation: You are partially covered in icy blue scales (AC +1). [demonic ancestry]
  1973 | D:3      | Reached XP level 5. HP: 6/42 MP: 1/7
  2339 | D:3      | Noticed Terence
  2357 | D:3      | Killed Terence
  2952 | D:3      | Reached XP level 6. HP: 42/48 MP: 6/8
  3207 | D:4      | Noticed Gargoyl's ghost (amateur DsAK)
  3222 | D:4      | Gained mutation: You can breathe flames. [potion of mutation]
  3222 | D:4      | Gained mutation: Your muscles are strong. (Str +2) [potion of mutation]
  3222 | D:4      | Lost mutation: Your muscles are strong. (Str +2) [potion of mutation]
  3223 | D:4      | Lost mutation: You can breathe flames. [potion of mutation]
  3223 | D:4      | Gained mutation: Your flesh is heat resistant. [potion of mutation]
  3223 | D:4      | Gained mutation: You can breathe flames. [potion of mutation]
  3259 | D:4      | Killed Gargoyl's ghost
  3259 | D:4      | Reached *** piety under Lugonu
  3259 | D:4      | Reached skill level 1 in Throwing
  3259 | D:4      | Reached skill level 1 in Shields
  3378 | D:4      | Got an ichor-stained scale mail
  3379 | D:4      | Identified the +1 scale mail "Agogegai" {rPois Int+2 SInv} (You found it on level 4 of the Dungeon)
  3400 | D:4      | Found a shimmering altar of Xom.
  3475 | D:4      | HP: 1/72 [ogre/giant club (13)]
  3476 | D:4      | Reached skill level 4 in Fighting
  3476 | D:4      | Gained mutation: You have razor-sharp toenails. [demonic ancestry]
  3476 | D:4      | Reached XP level 7. HP: 1/54 MP: 0/9
  3476 | D:4      | Succumbed to a worker ant's poison

Action                   |  1- 3 |  4- 6 |  7- 9 || total
-------------------------+-------+-------+-------++-------
Melee: Hand axe          |   126 |   154 |       ||   280
       Spear             |       |     2 |       ||     2
Throw: Tomahawk          |     4 |    19 |       ||    23
Invok: Depart the Abyss  |     1 |       |       ||     1
 Abil: Breathe Fire      |       |     3 |     1 ||     4
  Use: Potion            |       |    11 |       ||    11
       Scroll            |       |     9 |       ||     9
  Eat: Chunk             |     3 |     6 |       ||     9
